 Dungeon Crawl Stone Soup version 0.23-a0-650-ga4d50d4d25 (webtiles) character file.

23 Mazzaar the Digger (level 2, 0/15 HPs)
             Began as a Gargoyle Earth Elementalist on Jan 3, 2019.
             Slain by a worker ant (6 damage)
             ... on level 2 of the Dungeon.
             The game lasted 00:02:47 (1016 turns).

Mazzaar the Digger (Gargoyle Earth Elementalist)    Turns: 1016, Time: 00:02:48

Health: 0/15       AC:  5    Str: 11    XL:     2   Next: 95%
Magic:  0/5        EV: 12    Int: 20    God:
Gold:   6          SH:  0    Dex: 10    Spells: 5/6 levels left

rFire    . . .     SeeInvis .   e - +0 club
rCold    . . .     Gourm    .   (no shield)
rNeg     + + .     Faith    .   c - +0 robe
rPois    ∞         Spirit   .   (no helmet)
rElec    +         Reflect  .   (no cloak)
rCorr    .         Harm     .   g - +0 pair of gloves
MR       .....                  (no boots)
Stlth    ++........             (no amulet)
HPRegen  0.05/turn              k - ring of positive energy
MPRegen  0.09/turn              (no ring)

@: brilliant
A: negative energy resistance 1, electricity resistance, unbreathing,
petrification resistance, rot immunity, AC +2
a: no special abilities


You were on level 2 of the Dungeon.
You were hungry.

You visited 1 branch of the dungeon, and saw 2 of its levels.

You collected 6 gold pieces.

Inventory:

Hand Weapons
 e - a +0 club (weapon)
Missiles
 b - 33 stones (quivered)
Armour
 c - a +0 robe (worn)
 g - a +0 pair of gloves (worn)
Jewellery
 k - a ring of positive energy (left hand)
Scrolls
 a - a scroll of remove curse {unknown}
 l - a scroll of enchant armour {unknown}
 m - a scroll of blinking {unknown}
Potions
 h - a potion of lignification {unknown}
 i - a potion of flight {unknown}
 j - a potion of agility {unknown}
 o - a potion of heal wounds {unknown}
Comestibles
 d - 2 rations


   Skills:
 - Level 1.5 Dodging
 - Level 2.1 Stealth
 + Level 2.6 Spellcasting
   Level 0.7 Transmutations
 + Level 4.3 Earth Magic


You had 5 spell levels left.
You knew the following spells:

 Your Spells              Type           Power        Failure   Level  Hunger
a - Sandblast             Erth           ####..       1%          1    None

Your spell library contained the following spells:

 Spells                   Type           Power        Failure   Level  Hunger
 Passwall                 Tmut/Erth      ###.....     1%          2    ##.....
 Stone Arrow              Conj/Erth      ###...       2%          3    ###....
 Petrify                  Tmut/Erth      ###.....     6%          4    ####...
 Lee's Rapid Deconstruct  Erth           ####......   8%          5    ######.


Dungeon Overview and Level Annotations

Branches:
Dungeon (2/15)

Altars:


Innate Abilities, Weirdness & Mutations

You are resistant to torment.
Your stone body is resilient. (AC +2)
You are immune to poison.
You resist negative energy. (rN+)
You are resistant to electric shocks. (rElec)
You can survive without breathing.
You are immune to petrification.
You are immune to rotting.


Message History

No previous command to re-do.
The worker ant misses you.
Found a stone staircase leading up.
The frilled lizard bites you but does no damage.
The worker ant bites you.
It was a potion of brilliance.
You feel clever all of a sudden.
The worker ant bites you but does no damage.
The frilled lizard bites you. The worker ant bites you.
Casting: Sandblast (safe; 1% risk of failure)
Confirm with . or Enter, or press ? or * to list all spells.
Aiming: Sandblast (safe; 1% risk of failure)
Press: ? - help, Shift-Dir - straight line, f/p - worker ant
Aim: a worker ant (lightly wounded)
The blast of sand hits the worker ant.
The worker ant is almost dead.
b - 33 stones The worker ant bites you.
You die...

#<..$....
#........
#..#).... #..#
.... #..# ...
#..# ##.#
#..#....#
#.#######.......#
#.....@al.......#
#########..####.#
#..# . #..# ....
#.### ..# ##


You could see a worker ant and a frilled lizard.

Vanquished Creatures
  A dart slug (D:1)
  A leopard gecko (D:1)
  2 ball pythons (D:1)
  A bat (D:1)
  5 hobgoblins
  4 kobolds (D:1)
  A frilled lizard (D:1)
  3 goblins (D:1)
  A rat (D:1)
19 creatures vanquished.

Notes
Turn   | Place    | Note
-------+----------+-------------------------------------------
     0 | D:1      | Mazzaar the Gargoyle Earth Elementalist began the quest for
                  | the Orb.
     0 | D:1      | Reached XP level 1. HP: 10/10 MP: 3/3
   231 | D:1      | Reached skill level 4 in Earth Magic
   231 | D:1      | Reached XP level 2. HP: 15/15 MP: 3/5
  1016 | D:2      | Slain by a worker ant

Vault maps used:
D:1:      wheals_arrival_shading
D:2:      corexii_corridor_pit

Skill      XL: |  1 |
---------------+----+-----
Earth Magic    | 4 |  4.3
Dodging        | |  1.5
Stealth        | |  2.1
Spellcasting   | |  2.6
Transmutations | |  0.7

Action                   || total
-------------------------++-------
Melee: Club              ||    68
       Unarmed           ||     8
 Cast: Sandblast         ||    18
  Use: Potion            ||     1
Armor: Robe              ||    34
Dodge: Dodged            ||    64

Table legend:
 A = Non-vault XP
 B = Vault XP
 C = Vault XP percentage of total XP
 D = Non-vault monster count
 E = Vault monster count
 F = Vault count percentage of total count
                 A         B        C        D         E       F
            +---------+---------+-------+---------+---------+-------
      Total |      33 |       0 |   0.0 |      19 |       0 |   0.0
            +---------+---------+-------+---------+---------+-------
        D:1 |      31 |       0 |   0.0 |      18 |       0 |   0.0
        D:2 |       2 |       0 |   0.0 |       1 |       0 |   0.0
            +---------+---------+-------+---------+---------+-------
